 Dungeon Crawl Stone Soup version 0.27-a0-380-g150de4c316 (webtiles) character file.

Game seed: 13490857934064885590

700 lunkers the Stinger (level 7, -6/36 HPs)
             Began as a Kobold Venom Mage on Feb 17, 2021.
             Mangled by a phantom (7 damage)
             ... on level 4 of the Dungeon.
             The game lasted 00:09:06 (6436 turns).

lunkers the Stinger (Kobold Venom Mage)             Turns: 6436, Time: 00:09:07

Health: -6/36      AC:  4    Str: 10 (12) XL:     7   Next: 98%
Magic:  6/14       EV: 14    Int: 17 (18) God:
Gold:   172        SH:  0    Dex: 12 (15) Spells: 13/16 levels left

rFire    . . .     SeeInvis .   r - +4 quarterstaff (chaos)
rCold    . . .     Faith    .   (shield currently unavailable)
rNeg     . . .     Spirit   .   a - +0 robe
rPois    .         Reflect  .   (no helmet)
rElec    .         Harm     .   s - +1 cloak
rCorr    .         Rampage  .   (no gloves)
Will     .....                  (no boots)
Stlth    +++.......             (no amulet)
HPRegen  0.12/turn              h - +6 ring of strength
MPRegen  0.14/turn              (no ring)

@: no status effects
A: small, nightstalker 3
a: no special abilities


You were on level 4 of the Dungeon.
You visited 1 branch of the dungeon, and saw 5 of its levels.

You collected 172 gold pieces.

Inventory:

Hand Weapons
 o - a +1 flail of protection
 p - the +1 mace of Cudweint {antimagic, Will+ Int+2}
   (You found it on level 4 of the Dungeon)

   It reduces the magical energy of the wielder, and disrupts the spells and
   magical abilities of those hit.
   Natural abilities and divine invocations are not affected.
   It affects your intelligence (+2).
   It affects your willpower, your defense against some magical effects.
 r - a +4 quarterstaff of chaos (weapon)
Armour
 a - a +0 robe (worn)
 i - a +0 buckler
 s - a +1 cloak (worn)
Jewellery
 h - a +6 ring of strength (left hand)
Scrolls
 b - 3 scrolls of amnesia {unknown}
 c - 2 scrolls of identify {unknown}
 g - 2 scrolls of blinking {unknown}
 k - 2 scrolls of enchant weapon {unknown}
 t - a scroll of magic mapping {unknown}
Potions
 d - a potion of haste {unknown}
 e - a potion of magic {unknown}
 f - a potion of heal wounds {unknown}
 j - a potion of mutation {unknown}
 l - a potion of brilliance {unknown}
 m - a potion of attraction {unknown}
 n - 2 potions of degeneration
 q - a potion of flight {unknown}
 u - 2 potions of cancellation {unknown}


   Skills:
 - Level 2.4 Dodging
 - Level 2.6 Stealth
 + Level 5.1 Spellcasting
 - Level 1.0 Transmutations
 * Level 7.3 Poison Magic


You had 13 spell levels left.
You knew the following spells:

 Your Spells              Type           Power        Failure   Level
a - Poisonous Vapours     Pois/Air       32%          4%          2
b - Sting                 Tmut/Pois      72%          2%          1

Your spell library contained the following spells:

 Spells                   Type           Power        Failure   Level
 Olgreb's Toxic Radiance  Pois           29%          7%          4
 Sandblast                Erth           8%           14%         1
 Ignite Poison            Fire/Tmut/Pois 13%          14%         3
 Mephitic Cloud           Conj/Pois/Air  12%          16%         3
 Passwall                 Tmut/Erth      5%           17%         2
 Stone Arrow              Conj/Erth      8%           38%         3
 Petrify                  Tmut/Erth      6%           75%         4
 Lee's Rapid Deconstruct  Erth           2%           98%         5


Dungeon Overview and Level Annotations

Branches:
Dungeon (5/15)
 Temple: D:4-7

Altars:


Innate Abilities, Weirdness & Mutations

You are small and have problems with some larger weapons.
You are completely attuned to the shadows.


Message History

The phantom hits you.
The phantom blinks!
You blink.
An orc priest comes into view. It is wielding a +0 mace.
The phantom hits you!
The phantom blinks!
You blink.
You hit the orc priest. You freeze the orc priest.
The orc priest is heavily wounded.
The phantom hits you.
* * * LOW HITPOINT WARNING * * *
The orc priest mumbles some strange prayers to Beogh against you.
You struggle to resist.
The phantom hits you.
* * * LOW HITPOINT WARNING * * *
You barely miss the phantom.
The phantom is moderately damaged.
The orc priest misses you. The phantom barely misses you.
The orc hits you with a +0 war axe.
* * * LOW HITPOINT WARNING * * *
The phantom hits you.
* * * LOW HITPOINT WARNING * * *
The phantom blinks!
You blink.
The phantom closely misses you.
You see here a +0 leather armour.
There is a stone staircase leading up, spattered with blood here.
The phantom hits you.
* * * LOW HITPOINT WARNING * * *
The phantom hits you.
* * * LOW HITPOINT WARNING * * *
You climb upwards.
There is a stone staircase leading down here.
You aren't carrying any items that you can evoke.
Okay, then.
It was a potion of degeneration.
There was something very wrong with that liquid.
You feel weakened.
You feel dopey.
You feel clumsy. The phantom closely misses you.
You aren't carrying any items that you can evoke.
Unknown command.
Okay, then.
You miss the phantom.
The phantom is lightly damaged.
The phantom closely misses you. The phantom hits you!
You die...

..#......[...####..####.#####.###
####.###...........# #.......# #
#รท# #..#####....#########..# #
#.# #..# ###.#....# #..# # #)#
#..# #.....##.# #..# # ####.#
#).###..>..##.### #..### ..)..#
#...............## #..#.. ######
#.####.....#.....# #..... #.#
#...@W......# #.#... #.#
#######.....####..... #.#
#.............. #.#
######.......## #)# #.###..## #)#
#.# #..# #)# #.# #..# #)# #.#
#..# #.# #.# #..#


You could see a phantom (fast).

Vanquished Creatures
  Grinder (D:4)
  An ogre (D:4)
  Crazy Yiuf (D:4)
  An orc priest (D:5)
  Natasha (thrice) (D:3)
  An iguana (D:4)
  3 worker ants (D:4)
  10 gnolls
  An adder (D:2)
  A shadow imp (D:4)
  An ooze (D:2)
  2 worms (D:2)
  2 dart slugs
  A leopard gecko (D:3)
  8 orcs
  2 ball pythons (D:3)
  7 bats
  2 giant cockroaches
  12 goblins
  7 hobgoblins
  7 jackals (D:4)
  2 quokkas (D:3)
  8 frilled lizards
  2 kobolds
  6 rats
92 creatures vanquished.

Notes
Turn   | Place    | Note
-------+----------+-------------------------------------------
     0 | D:1      | lunkers the Kobold Venom Mage began the quest for the Orb.
     0 | D:1      | Reached XP level 1. HP: 10/10 MP: 3/3
   471 | D:1      | Reached XP level 2. HP: 15/15 MP: 0/5
  1560 | D:2      | Reached XP level 3. HP: 13/19 MP: 0/7
  2024 | D:2      | Reached skill level 4 in Poison Magic
  2359 | D:2      | Reached XP level 4. HP: 24/24 MP: 6/8
  2545 | D:2      | Learned a level 2 spell: Poisonous Vapours
  3095 | D:3      | Noticed Natasha
  3099 | D:3      | Killed Natasha
  3100 | D:3      | Reached XP level 5. HP: 23/28 MP: 0/10
  3193 | D:3      | Noticed Natasha
  3196 | D:3      | Killed Natasha
  3197 | D:3      | Reached skill level 5 in Poison Magic
  3294 | D:3      | Noticed Natasha
  3298 | D:3      | Killed Natasha
  4077 | D:4      | Got a crystal mace
  4078 | D:4      | Identified the +1 mace of Cudweint {antimagic, Will+ Int+2}
                  | (You found it on level 4 of the Dungeon)
  4084 | D:4      | Found a runed translucent door.
  4147 | D:4      | Noticed Crazy Yiuf
  4264 | D:4      | Reached XP level 6. HP: 31/32 MP: 5/11
  4963 | D:4      | Reached skill level 6 in Poison Magic
  5020 | D:4      | Noticed Grinder
  5034 | D:5      | Entered Level 5 of the Dungeon
  5314 | D:4      | Killed Crazy Yiuf
  5315 | D:4      | Reached XP level 7. HP: 16/36 MP: 7/13
  5659 | D:4      | Killed Grinder
  6170 | D:4      | Reached skill level 7 in Poison Magic
  6281 | D:4      | Reached skill level 5 in Spellcasting
  6433 | D:5      | HP: 1/36 [phantom (1)]
  6436 | D:4      | Mangled by a phantom

Illustrated notes

Levels and vault maps discovered:
D:1:      minmay_arrival_four_circles, layout_basic
D:2:      layout_loops_cross
D:3:      layout_rooms, ebering_dispersal_statue_hall, uniq_natasha
D:4:      layout_loops_ring, minmay_ogre_servants, uniq_grinder,
          uniq_crazy_yiuf_cottage
D:5:      layout_basic, gammafunk_temple_overflow_statue, grunt_qazlal_clouds,
          serial_shops, nicolae_shop_stone, portal_sewer_entry_b

Skill      XL: |  1  2  3  4  5  6  7 |
---------------+----------------------+-----
Poison Magic   | 4 5 6 7 |  7.3
Spellcasting   | 3 4 5 |  5.1
Dodging        | |  2.4
Stealth        | |  2.6
Transmutations | |  1.0

Action                   |  1- 3 |  4- 6 |  7- 9 || total
-------------------------+-------+-------+-------++-------
Melee: Unarmed           |    14 |     2 |       ||    16
       Flail             |       |    17 |       ||    17
       Quarterstaff      |       |       |    25 ||    25
 Cast: Sting             |    71 |    11 |       ||    82
       Poisonous Vapours |       |    69 |    22 ||    91
  Use: Potion            |       |     1 |     2 ||     3
 Stab: Sleeping          |       |     1 |       ||     1
       Distracted        |       |     1 |       ||     1
Armor: Robe              |     6 |     4 |     7 ||    17
Dodge: Dodged            |    26 |    40 |    27 ||    93

Table legend: (Time is in decaauts)
 A = Elapsed time spent in this place.
 B = Non-inter-level travel time spent in this place.
 C = Inter-level travel time spent in this place.
 D = Time resting spent in this place.
 E = Time spent auto-exploring this place.
 F = Levels seen in this place.
 G = Mean time per level.
                   A        B        C        D        E       F      G
               +--------+--------+--------+--------+--------+-----+--------+
         Total |   6447 |   6219 |    228 |    390 |   5040 |   5 | 1289.4 |
       Dungeon |   6447 |   6219 |    228 |    390 |   5040 |   5 | 1289.4 |
               +--------+--------+--------+--------+--------+-----+--------+

Top non-repeatable levels by time:
     D:4: 2350 daAuts
     D:2: 1432 daAuts
     D:1: 1372 daAuts
     D:3: 1264 daAuts
     D:5: 27 daAuts
